 Dungeon Crawl Stone Soup version 0.28.0 (webtiles) character file.

Game seed: 5231007754482084475

107 issech the Cudgeller (level 4, -1/45 HPs)
             Began as a Troll Monk on Feb 16, 2022.
             Killed by nerve-wracking pain
             ... invoked by an orc priest
              (14 damage)
             ... on level 3 of the Dungeon.
             The game lasted 00:06:32 (1884 turns).

issech the Cudgeller (Troll Monk)                   Turns: 1884, Time: 00:06:33

Health: -1/45      AC:  4    Str: 19    XL:     4   Next: 57%
Magic:  3/3        EV:  9    Int:  6    God:
Gold:   105        SH:  7    Dex: 14    Spells: 3/3 levels left

rFire   . . .      SeeInvis .   a - +0 mace
rCold   . . .      Faith    .   e - +0 kite shield
rNeg    . . .      Spirit   .   b - +0 robe
rPois   .          Reflect  .   (helmet restricted)
rElec   .          Harm     .   (no cloak)
rCorr   .          Rampage  .   (gloves unavailable)
Will    .....                   (boots unavailable)
Stlth   ++........              (no amulet)
HPRegen 0.95/turn               (no ring)
MPRegen 0.08/turn               (no ring)

@: no status effects
A: large, unfitting armour, claws 3, regeneration 1, shaggy fur 1, tough skin 1
a: no special abilities


You were on level 3 of the Dungeon.
You visited 1 branch of the dungeon, and saw 3 of its levels.

You collected 105 gold pieces.

Inventory:

Hand Weapons
 a - a +0 mace (weapon)
 o - a +0 hunting sling
Missiles
 f - 40 bolts
 g - 70 arrows
 h - 9 boomerangs (quivered)
 k - 56 stones
 p - 20 sling bullets
Armour
 b - a +0 robe (worn)
 e - a +0 kite shield (worn)
Scrolls
 c - 2 scrolls of teleportation
 d - a scroll of amnesia {unknown}
 i - 3 scrolls of enchant weapon {unknown}
 j - a scroll of enchant armour {unknown}
 l - a scroll of blinking {unknown}
 q - 2 scrolls of identify {unknown}
Potions
 m - a potion of curing {unknown}
 n - 2 potions of flight {unknown}
 r - a potion of invisibility {unknown}


   Skills:
 + Level 3.1 Fighting
 + Level 3.5 Maces & Flails
 + Level 3.0 Dodging
 + Level 1.2 Stealth
 + Level 0.5 Shields


You had 3 spell levels left.
You didn't know any spells.
Your spell library contained the following spells:

 Spells                   Type           Power      Damage    Failure   Level
 Freeze                   Ice            0%         1d3       78%         1
 Sandblast                Erth           0%         2d4       78%         1
 Passwall                 Tmut/Erth      0%         N/A       89%         2
 Frozen Ramparts          Ice            0%         1d2       98%         3
 Stone Arrow              Conj/Erth      0%         3d7       98%         3
 Hailstorm                Conj/Ice       0%         3d3       100%        4
 Summon Ice Beast         Ice/Summ       0%         N/A       100%        4
 Summon Mana Viper        Hex/Summ       0%         N/A       100%        5
 Monstrous Menagerie      Summ           0%         N/A       100%        7


Dungeon Overview and Level Annotations

Branches:
Dungeon (3/15)

Altars:


Innate Abilities, Weirdness & Mutations

You are too large for most types of armour.
You have claws for hands.
Your natural rate of healing is unusually fast.
You are covered in fur. (AC +1)
You have tough skin. (AC +1)


Message History

k - 56 stones (gained 6)
The orc hits you with a +0 falchion.
The orc priest invokes the aid of Beogh against you.
Pain shoots through your body!
You hit the orc.
The orc is almost dead.
The orc hits you with a +0 falchion. You block the orc's attack.
You barely miss the orc.
The orc is almost dead.
The orc barely misses you.
The orc priest calls upon Beogh to heal the orc.
The orc is healed somewhat.
You sock the orc!
You kill the orc!
The orc priest hits you with a +0 flail.
You hit the orc priest.
The orc priest is moderately wounded.
The orc priest hits you with a +0 flail!
The orc priest mumbles some strange prayers to Beogh against you.
Pain shoots through your body!
* * * LOW HITPOINT WARNING * * *
You hit the orc priest.
The orc priest is heavily wounded.
The orc priest hits you with a +0 flail.
* * * LOW HITPOINT WARNING * * *
You hit the orc priest but do no damage.
The orc priest is heavily wounded.
The orc priest barely misses you.
Unknown command.
You hit the orc priest but do no damage.
The orc priest is heavily wounded.
The orc priest closely misses you. The orc priest barely misses you.
You hit the orc priest.
The orc priest is severely wounded.
The orc priest closely misses you.
You hit the orc priest but do no damage.
The orc priest is severely wounded.
The orc priest calls down the wrath of Beogh upon you.
Pain shoots through your body!
You die...

#
###......#<........#
#.
#.#......###########
##.##........+
.............#
.............#
.............#
.............#
##.......#####
#....)@.+ #.....o.#
#........#
#.....#+## #.....
#..... ######


You could see an orc priest.

Vanquished Creatures
  Terence (D:3)
  2 adders
  A worm (D:2)
  An orc (D:3)
  8 ball pythons
  6 endoplasms
  4 giant cockroaches
  5 goblins
  3 hobgoblins
  3 jackals (D:1)
  A quokka (D:1)
  8 bats
  4 frilled lizards (D:1)
  8 kobolds
  4 rats
59 creatures vanquished.

Notes
Turn   | Place    | Note
-------+----------+-------------------------------------------
     0 | D:1      | issech the Troll Monk began the quest for the Orb.
     0 | D:1      | Reached XP level 1. HP: 22/22 MP: 0/0
   115 | D:1      | Reached XP level 2. HP: 29/29 MP: 1/1
   543 | D:1      | Reached XP level 3. HP: 37/37 MP: 2/2
   926 | D:2      | Found a faded altar of an unknown god.
  1569 | D:3      | Noticed Terence
  1573 | D:3      | Reached XP level 4. HP: 41/45 MP: 3/3
  1583 | D:3      | Killed Terence
  1884 | D:3      | Killed from afar by an orc priest

Illustrated notes

Levels and vault maps discovered:
D:1:      dpeg_arrival_pits, layout_loops_ring, nrook_mini_backslash
D:2:      layout_basic, hellmonk_ecumenical_altar_zigzags
D:3:      layout_basic, uniq_crazy_yiuf_cottage, uniq_sigmund, uniq_terence

Skill      XL: |  1  2  3  4 |
---------------+-------------+-----
Fighting       | 3 |  3.1
Maces & Flails | 3 |  3.5
Dodging        | 3 |  3.0
Stealth        | |  1.2
Shields        | |  0.5

Action                   |  1- 3 |  4- 6 || total
-------------------------+-------+-------++-------
Melee: Mace              |   147 |    28 ||   175
  Use: Scroll            |     1 |       ||     1
 Stab: Sleeping          |     5 |       ||     5
Armor: Robe              |    76 |     3 ||    79
Dodge: Dodged            |    77 |    12 ||    89
Block: Kite shield       |    51 |     7 ||    58
